 Dungeon Crawl Stone Soup version 0.27-a0-249-g74f53ef629 (webtiles) character file.

Game seed: 1309922004347860337

42 lunkers the Gusty (level 3, -4/26 HPs)
             Began as a Demigod Air Elementalist on Feb 3, 2021.
             Slain by Crazy Yiuf
             ... wielding a +3 quarterstaff of chaos
              (9 damage)
             ... on level 2 of the Dungeon.
             The game lasted 00:02:52 (2360 turns).

lunkers the Gusty (Demigod Air Elementalist)        Turns: 2360, Time: 00:02:52

Health: -4/26      AC:  6    Str: 11    XL:     3   Next: 19%
Magic:  6/9        EV: 12    Int: 21    God:
Gold:   92         SH:  0    Dex: 16    Spells: 5/6 levels left

rFire    . . .     SeeInvis .   (no weapon)
rCold    . . .     Faith    .   (no shield)
rNeg     . . .     Spirit   .   a - +0 robe
rPois    .         Reflect  .   h - +2 helmet
rElec    .         Harm     .   (no cloak)
rCorr    .         Rampage  .   (no gloves)
Will     .....                  o - +0 pair of boots
Stlth    ++........             (no amulet)
HPRegen  0.08/turn              (no ring)
MPRegen  0.11/turn              (no ring)

@: no status effects
A: high mp 1
a: no special abilities


You were on level 2 of the Dungeon.
You visited 1 branch of the dungeon, and saw 2 of its levels.

You collected 92 gold pieces.

Inventory:

Armour
 a - a +0 robe (worn)
 c - a +0 helmet
 h - a +2 helmet (worn)
 o - a +0 pair of boots (worn)
Jewellery
 g - an uncursed ring of fire {unknown}
Scrolls
 b - 2 scrolls of immolation {unknown}
 e - 2 scrolls of enchant armour {unknown}
 i - a scroll of enchant weapon {unknown}
 j - 2 scrolls of remove curse {unknown}
 m - a scroll of magic mapping {unknown}
Potions
 d - a potion of attraction {unknown}
 f - a potion of flight {unknown}
 k - a potion of magic {unknown}
 l - a potion of curing {unknown}
 n - a potion of degeneration {unknown}


   Skills:
 - Level 1.7 Dodging
 - Level 1.7 Stealth
 + Level 2.3 Spellcasting
 - Level 0.8 Conjurations
 * Level 3.7 Air Magic


You had 5 spell levels left.
You knew the following spells:

 Your Spells              Type           Power        Failure   Level
a - Shock                 Conj/Air       48%          5%          1

Your spell library contained the following spells:

 Spells                   Type           Power        Failure   Level
 Swiftness                Air            17%          4%          2
 Static Discharge         Conj/Air       12%          17%         3
 Airstrike                Air            8%           30%         4
 Confusing Touch          Hex            2%           41%         3
 Gell's Gravitas          Tloc           1%           41%         3
 Petrify                  Tmut/Erth      2%           82%         4
 Lightning Bolt           Conj/Air       6%           83%         5
 Metabolic Englaciation   Hex/Ice        1%           99%         5
 Yara's Violent Unravell  Hex/Tmut       1%           99%         5


Dungeon Overview and Level Annotations

Branches:
Dungeon (2/15)

Annotations:
D:2 Crazy Yiuf


Innate Abilities, Weirdness & Mutations

You have an increased reservoir of magic. (+10% MP)


Message History

Casting: Shock (safe; 5% risk of failure)
Confirm with . or Enter, or press ? or * to list all spells.
Aiming: Shock (safe; 5% risk of failure)
Press: ? - help, Shift-Dir - straight line, f/p - Crazy Yiuf
Aim: Crazy Yiuf, wielding a +3 quarterstaff of chaos and wearing a +2 cloak of preservation (lightly wounded, 28% to evade)
The zap misses Crazy Yiuf.
The zap hits Crazy Yiuf.
Crazy Yiuf is lightly wounded.
Crazy Yiuf closely misses you.
Unknown command.
Casting: Shock (safe; 5% risk of failure)
Confirm with . or Enter, or press ? or * to list all spells.
Aiming: Shock (safe; 5% risk of failure)
Press: ? - help, Shift-Dir - straight line, f/p - Crazy Yiuf
Aim: Crazy Yiuf, wielding a +3 quarterstaff of chaos and wearing a +2 cloak of preservation (lightly wounded, 28% to evade)
The zap hits Crazy Yiuf.
Crazy Yiuf is heavily wounded.
The zap hits Crazy Yiuf.
Crazy Yiuf is heavily wounded.
Crazy Yiuf hits you with a +3 quarterstaff of chaos!
You die...

#### ##### ##......# #..# #...##
##........ ##.#####.#..#
#......... #...##..##.#
#......... ###..(.###.#
#......... #(.#####.## #.........
##.........# #.........
♣♣##.)######..####........ )#♣♣
♣♣....#..g@................
)')♣♣♣♣.......######...#.........
)#♣))♣).......# ##.[#.........
♣♣♣)♣)...##.# ##...........
♣♣♣♣♣###..# #.#......... #.##
#.##........ ### #### #.#
#####.###....... #.###..#####.#
#.....#........# #...#.....##.#
#.......#.....##


You could see Crazy Yiuf.

Vanquished Creatures
  A worm (D:2)
  2 dart slugs (D:1)
  2 leopard geckos
  A bat (D:1)
  3 giant cockroaches
  4 goblins
  7 hobgoblins
  A frilled lizard (D:2)
  4 kobolds (D:1)
  5 rats
30 creatures vanquished.

Notes
Turn   | Place    | Note
-------+----------+-------------------------------------------
     0 | D:1      | lunkers the Demigod Air Elementalist began the quest for
                  | the Orb.
     0 | D:1      | Reached XP level 1. HP: 14/14 MP: 5/5
   284 | D:1      | Reached skill level 3 in Air Magic
   561 | D:1      | Reached XP level 2. HP: 20/20 MP: 5/7
  1283 | D:1      | You fall into a shaft and drop 1 floor!
  1523 | D:2      | Reached XP level 3. HP: 26/26 MP: 6/9
  2228 | D:2      | Found a runed translucent door.
  2229 | D:2      | Noticed Crazy Yiuf
  2360 | D:2      | Slain by Crazy Yiuf

Illustrated notes

Levels and vault maps discovered:
D:1:      minmay_arrival_jagged, layout_basic
D:2:      layout_rooms, uniq_crazy_yiuf_cottage

Skill      XL: |  1 |
---------------+----+-----
Air Magic      | 3 |  3.7
Spellcasting   | 2 |  2.3
Dodging        | |  1.7
Stealth        | |  1.7
Conjurations   | |  0.8

Action                   || total
-------------------------++-------
Melee: Unarmed           ||    11
 Cast: Shock             ||    90
Armor: Robe              ||     3
Dodge: Dodged            ||     9

Table legend: (Time is in decaauts)
 A = Elapsed time spent in this place.
 B = Non-inter-level travel time spent in this place.
 C = Inter-level travel time spent in this place.
 D = Time resting spent in this place.
 E = Time spent auto-exploring this place.
 F = Levels seen in this place.
 G = Mean time per level.
                   A        B        C        D        E       F      G
               +--------+--------+--------+--------+--------+-----+--------+
         Total |   2360 |   2299 |     61 |    335 |   1688 |   2 | 1180.0 |
       Dungeon |   2360 |   2299 |     61 |    335 |   1688 |   2 | 1180.0 |
               +--------+--------+--------+--------+--------+-----+--------+

Top non-repeatable levels by time:
     D:1: 1510 daAuts
     D:2: 850 daAuts
